 Dungeon Crawl Stone Soup version 0.24.0-10-g970556be89 (webtiles) character file.

Game seed: 10959073930762397663, levelgen mode: deterministic

126 Arixos the Skirmisher (level 4, 0/35 HPs)
             Began as a Demonspawn Monk on Nov 4, 2019.
             Was a Believer of Okawaru.
             Slain by Purgy (1 damage)
             ... on level 2 of the Dungeon.
             The game lasted 00:08:37 (2382 turns).

Arixos the Skirmisher (Demonspawn Monk)             Turns: 2382, Time: 00:08:38

Health: 0/35       AC:  3    Str: 10 (12) XL:     4   Next: 84%
Magic:  0/4        EV: 13    Int: 10 (12) God:    Okawaru [**....]
Gold:   94         SH:  5    Dex: 13 (15) Spells: 3/3 levels left

rFire    . . .     SeeInvis .   k - +1 short sword (speed)
rCold    . . .     Gourm    .   d - +1 buckler
rNeg     . . .     Faith    .   b - +0 robe
rPois    .         Spirit   +   (helmet restricted)
rElec    .         Reflect  .   (no cloak)
rCorr    .         Harm     .   (no gloves)
MR       .....                  e - +0 pair of boots
Stlth    +++.......             (no amulet)
HPRegen  0.11/turn              (no ring)
MPRegen  0.09/turn              (no ring)

@: no status effects
A: antennae 1, nightstalker 1, magic shield
a: Heroism, Renounce Religion


You were on level 2 of the Dungeon.
You worshipped Okawaru.
Okawaru was pleased with you.
You were not hungry.

You visited 1 branch of the dungeon, and saw 3 of its levels.
You also visited: Sewer.

You collected 94 gold pieces.

Inventory:

Hand Weapons
 k - a +1 short sword of speed (weapon)
Missiles
 j - 7 atropa-tipped darts (quivered)
Armour
 b - a +0 robe (worn)
 d - a +1 buckler (worn)
 e - a +0 pair of boots (worn)
Scrolls
 f - a scroll of noise {unknown}
Potions
 i - a potion of magic {unknown}
 m - 2 potions of cancellation
Comestibles
 a - 7 chunks of flesh
 c - 6 rations


   Skills:
 + Level 3.4 Fighting
 + Level 0.8(1.9) Short Blades
   Level 2.6(2.8) Long Blades
 + Level 1.4 Armour
 + Level 3.1 Dodging
 + Level 2.1 Stealth
 * Level 2.1 Shields
 + Level 0.6 Invocations


You had 3 spell levels left.
You didn't know any spells.
Your spell library was empty.

Dungeon Overview and Level Annotations

Branches:
Dungeon (3/15)              Sewer (visited)

Altars:
Okawaru

Annotations:
D:2 Purgy


Innate Abilities, Weirdness & Mutations

You have a pair of small antennae on your head.
You are slightly more attuned to the shadows.
When hurt, damage is shared between your health and your magic reserves.


Message History

The stone hits you but does no damage.
You see here a stone.
Purgy bites you.
* * * LOW HITPOINT WARNING * * *
Purgy claws you but does no damage. Purgy claws you.
* * * LOW HITPOINT WARNING * * *
There is a stone staircase leading up here.
The goblin shoots a stone.
You block the stone. Purgy bites you.
* * * LOW HITPOINT WARNING * * *
Purgy claws you but does no damage. x2
The frilled lizard bites you but does no damage.
You climb upwards.
There is a stone staircase leading down here.
It was a potion of degeneration.
There was something very wrong with that liquid.
You feel weakened.
You feel dopey.
You feel clumsy. Purgy bites you.
* * * LOW HITPOINT WARNING * * *
Purgy claws you.
You die...

................#..#
...###.......)..##.#
...##...>.......##.##
................##..#
....##..........###.#
................# #.##
...............># #..#
..............l#####.#
...#.###.......T@.##.######
...........##.##..........#
.###.####..#...#..........#
## #.# #.)...............#
# #.# #...._............#
#.# #.................# #.#
#..#...#..........# #.#
#..##.##.#........# #.#
#........#........#


You could see Purgy and a frilled lizard.

Vanquished Creatures
  Terence (D:2)
  4 adders
  2 worms
  A dart slug (D:1)
  A leopard gecko (D:1)
  4 giant cockroaches
  5 goblins
  11 hobgoblins
  2 jackals (D:1)
  A quokka (D:2)
  4 ball pythons
  4 bats
  4 frilled lizards
  4 kobolds
  9 rats
57 creatures vanquished.

Notes
Turn   | Place    | Note
-------+----------+-------------------------------------------
     0 | D:1      | Arixos the Demonspawn Monk began the quest for the Orb.
     0 | D:1      | Reached XP level 1. HP: 18/18 MP: 1/1
   393 | D:1      | Gained mutation: You are slightly more attuned to the
                  | shadows. [demonic ancestry]
   393 | D:1      | Reached XP level 2. HP: 19/24 MP: 2/2
   633 | D:1      | Reached skill level 1 in Shields
   869 | D:2      | Noticed Terence
   913 | D:2      | Killed Terence
   913 | D:2      | Gained mutation: You have a pair of small antennae on your
                  | head. [demonic ancestry]
   913 | D:2      | Reached XP level 3. HP: 12/29 MP: 3/3
   915 | D:2      | Reached skill level 1 in Armour
  1249 | D:2      | Found an iron altar of Okawaru.
  1353 | D:2      | Gained mutation: When hurt, damage is shared between your
                  | health and your magic reserves. [demonic ancestry]
  1353 | D:2      | Reached XP level 4. HP: 35/35 MP: 4/4
  1368 | D:2      | Became a worshipper of Warmaster Okawaru
  1368 | D:2      | Reached * piety under Okawaru
  1368 | D:2      | Reached ** piety under Okawaru
  2257 | D:3      | Found a glowing drain.
  2265 | Sewer    | Entered a sewer
  2338 | Sewer    | Noticed Purgy
  2382 | D:2      | HP: 1/35 [Purgy (3)]
  2382 | D:2      | Slain by Purgy

Levels and vault maps discovered:
D:1:      dpeg_arrival_long_road, layout_rooms
D:2:      layout_rooms, first_ration, okawaru_gym_becter, uniq_terence
D:3:      layout_basic, serial_glass, glass_columns_a, glass_columns_a,
          glass_columns_a, glass_columns_a, glass_columns_a, glass_columns_b,
          glass_columns_a, glass_columns_a, cheibrodos_sewer_entry_sluice,
          uniq_robin

Skill      XL: |  1  2  3  4 |
---------------+-------------+-----
Shields        | 1 2 |  2.1
Dodging        | 3 |  3.1
Stealth        | 2 |  2.1
Armour         | 1 |  1.4
Fighting       | |  3.4
Short Blades   | |  0.8
Long Blades    | |  2.6
Invocations    | |  0.6

Action                   |  1- 3 |  4- 6 || total
-------------------------+-------+-------++-------
Melee: Falchion          |    20 |       ||    20
       Short sword       |    81 |   120 ||   201
       Dagger            |    17 |       ||    17
  Use: Scroll            |       |     5 ||     5
       Potion            |       |     1 ||     1
 Stab: Sleeping          |     6 |     6 ||    12
  Eat: Chunk             |     1 |     4 ||     5
Armor: Robe              |    25 |    22 ||    47
Dodge: Dodged            |    52 |    55 ||   107
Block: Buckler           |    16 |    26 ||    42
       Rpst.: Falchion   |     4 |       ||     4
